 Dungeon Crawl Stone Soup version 0.30-a0-737-gf23d94013f (webtiles) character file.

Game seed: 837807980408800882

131 kae the Insei (level 4, -1/35 HPs)
             Began as a Draconian Transmuter on Feb 1, 2023.
             Slain by a gnoll
             ... wielding a +0 flail
              (9 damage)
             ... on level 3 of the Dungeon.
             The game lasted 00:04:01 (2262 turns).

kae the Insei (Draconian Transmuter)                Turns: 2262, Time: 00:04:01

Health: -1/35      AC:  2    Str: 12    XL:     4   Next: 91%
Magic:  2/7        EV: 19    Int: 15    God:
Gold:   132        SH:  0    Dex: 17    Spells: 2/8 levels left

rFire   . . .      SeeInvis .      - Unarmed
rCold   . . .      Faith    .    (shield currently unavailable)
rNeg    . . .      Spirit   .    (body armour unavailable)
rPois   x          Reflect  .    (helmet currently unavailable)
rElec   .          Harm     .    (cloak currently unavailable)
rCorr   .          Rampage  .    (gloves currently unavailable)
Will    .....                    (boots currently unavailable)
Stlth   ++                       (no amulet)
HPRegen 0.25/turn                L - ring of flight
MPRegen 0.10/turn                (no ring)

@: spider-form, flying, very slightly contaminated
A: venomous fangs, AC +5, tiny, unfitting armour, (cold-blooded)
a: End Transformation


You were on level 3 of the Dungeon.
You were a venomous arachnid creature.
You visited 1 branch of the dungeon, and saw 3 of its levels.

You collected 132 gold pieces.


Innate Abilities, Weirdness & Mutations

You are a venomous arachnid creature.
You have venomous fangs.
You are tiny and dextrous.
Your spellcasting is less reliable in this form.
Your armour is entirely melded.
You are incapable of wielding weapons or throwing items.
((Your plain brown scales are hard. (AC +5)))
You cannot fit into any form of body armour.
((You are cold-blooded and may be slowed by cold attacks.))


   Skills:
 - Level 1.1 Fighting
 - Level 1.7 Dodging
 + Level 3.8 Unarmed Combat
 + Level 2.5 Spellcasting
 * Level 3.5 Transmutations
 - Level 2.0 Poison Magic


You had 2 spell levels left.
You knew the following spells:

 Your Spells              Type           Power      Damage    Failure   Level
a - Beastly Appendage     Tmut           24%        N/A       14%         1
b - Wereblood             Tmut           12%        N/A       21%         2
c - Spider Form           Tmut/Pois      10%        N/A       41%         3

Your spell library contained the following spells:

 Spells                   Type           Power      Damage    Failure   Level
 Sublimation of Blood     Necr           1%         N/A       54%         2
 Ice Form                 Ice/Tmut       7%         N/A       87%         4
 Summon Forest            Summ/Tloc      0%         N/A       100%        5
 Summon Mana Viper        Hex/Summ       1%         N/A       100%        5
 Summon Cactus Giant      Summ           0%         N/A       100%        6
 Summon Hydra             Summ           0%         N/A       100%        7

Inventory:

Missiles
 c - 12 stones
Jewellery
 L - a ring of flight (left front pincers)
   (You found it on level 1 of the Dungeon)
Wands
 h - a wand of flame (14)
   (You took it off Terence on level 3 of the Dungeon)
Scrolls
 d - 2 scrolls of teleportation {@r4}
Potions
 a - a potion of lignification {!q}
 b - a potion of haste {unknown}
 e - 2 potions of flight
 f - 2 potions of heal wounds {@q2}
 g - a potion of mutation {unknown}

Dungeon Overview and Level Annotations

Branches:
Dungeon (3/15) Zot: 15745

Altars:
Ashenzari
Dithmenos
Fedhas
Trog
Xom

..#..###.# ### ########..##....
.##..###.#####.###.........##...#
.........#.........##....).......
#.#.....................#.)####..
#.#.####..########.##....<.).....
....# #..# #.##.#..#'####.# ..#.#
#..# #.#######.###### .... ...#
#####.###.........## #.## ###.#
#rgs.###..#######..# ..# ###
#g####_..###_._###.. ####
#..r.###..##...##..# ...####
#g#..:.##.........##
##....########.#....#####...#####
................ .[.+ ###_##....
######..##.##### ...# #.### #.#
#..##.# ..# #.# #.. #.)...#####
..# #.# #..


You could see 2 gnolls and a rat.


Message History

You hit the endoplasm. You claw the endoplasm.
You kill the endoplasm!
No target in view!
Your transformation is almost over.
You reach down and open the door.
There is an open door here.
Your horns disappear.
Your talons disappear.
There is a shaft here.
A rat comes into view. 😎 MP[+1]
Your mp is fully restored (7).
A rat is nearby!
A rat is nearby!
A rat is nearby!
Casting: Beastly Appendage (safe; 4% risk of failure)
Confirm with . or Enter, or press ? or * to list all spells.
You grow a pair of large bovine horns.
Your feet morph into talons.
The rat closely misses you. 😎 MP[-1]
You lost 1 mp, and now have 6/7 mp.
You hit the rat.
You kill the rat!
No target in view!
Your transformation is almost over.
Your horns disappear.
Your talons disappear.
Key pressed, stopping explore.
You see here a +0 spear.
You reach down and open the door.
There is an open door here.
Found a shadowy altar of Dithmenos and a blossoming altar of Fedhas. 😎 MP[+1]
Your mp is fully restored (7).
Key pressed, stopping explore.
Unknown command.
Found a bloodstained altar of Trog.
Found a shimmering altar of Xom.
Found a broken altar of Ashenzari.
There is an open door here.
There is a stone staircase leading up here.
A gnoll comes into view. It is wielding a +0 spear.
The gnoll shouts!
You hear a shout! x2
A gnoll comes into view. It is wielding a +0 spear.
There are monsters nearby!
There are monsters nearby!
There are monsters nearby!
Casting: Beastly Appendage (safe; 4% risk of failure)
Confirm with . or Enter, or press ? or * to list all spells.
The spell is quite dangerous to miscast (21% risk of failure)!
Continue anyway? [Y]es or [N]o only, please.
The spell is quite dangerous to miscast (21% risk of failure)!
Continue anyway?
Okay, then.
Casting: Spider Form (quite dangerous; 21% risk of failure)
Confirm with . or Enter, or press ? or * to list all spells.
The spell is quite dangerous to miscast (21% risk of failure)!
Continue anyway? [Y]es or [N]o only, please.
The spell is quite dangerous to miscast (21% risk of failure)!
Continue anyway?
You miscast Spider Form.
You are very lightly contaminated with residual magic.
Nothing appears to happen. 😎 MP[-3]
You lost 3 mp, and now have 4/7 mp.
Casting: Spider Form (quite dangerous; 21% risk of failure)
Confirm with . or Enter, or press ? or * to list all spells.
The spell is quite dangerous to miscast (21% risk of failure)!
Continue anyway? [Y]es or [N]o only, please.
The spell is quite dangerous to miscast (21% risk of failure)!
Continue anyway?
You turn into a venomous arachnid creature. 😎 MP[-3]
You lost 3 mp, and now have 1/7 mp.
Unknown command.
You start resting.
A gnoll is nearby!
A rat and a gnoll come into view.
The gnoll shouts!
The gnoll hits you from afar with a +0 spear.
The rat moves out of view. 😕 HP[-5]
You take 5 damage, and now have 30/35 hp.
You hit the gnoll.
The gnoll is poisoned.
The gnoll closely misses you. The gnoll hits you with a +0 spear.
You barely miss the gnoll. The gnoll closely misses you.
The gnoll completely misses you.
The gnoll hits you with a +0 spear! 😮 HP[-10]
You take 10 damage, and now have 20/35 hp.
MASSIVE DAMAGE!! (PAUSE)
You hit the gnoll.
The gnoll looks as sick as possible!
The gnoll misses you.
The gnoll hits you from afar with a +0 spear.
* * * LOW HITPOINT WARNING * * *
The gnoll hits you with a +0 spear.
* * * LOW HITPOINT WARNING * * *
😨 HP[-6]
You take 6 damage, and now have 14/35 hp.
Unknown command.
The gnoll attacks as you move away! The gnoll closely misses you.
You hit the gnoll.
The gnoll is poisoned.
The gnoll hits you with a +0 flail!
* * * LOW HITPOINT WARNING * * *
😱 HP[-7] MP[+1]
You take 7 damage, and now have 7/35 hp.
You barely miss the gnoll. The gnoll hits you with a +0 flail!
You die...

Skill      XL: |  1  2  3  4 |
---------------+-------------+-----
Transmutations | 3 |  3.5
Poison Magic   | 1 2 |  2.0
Fighting       | |  1.1
Dodging        | |  1.7
Unarmed Combat | |  3.8
Spellcasting   | |  2.5

Action                     |  1- 3 |  4- 6 || total
---------------------------+-------+-------++-------
  Melee: Unarmed           |    97 |    78 ||   175
         Kick              |     9 |     9 ||    18
         Tailslap          |     3 |     7 ||    10
         Punch             |     3 |     1 ||     4
         Headbutt          |     2 |     8 ||    10
   Cast: Beastly Appendage |     8 |    12 ||    20
         Spider Form       |     2 |     4 ||     6
         Wereblood         |     2 |       ||     2
    Use: Scroll            |     4 |     2 ||     6
   Stab: Sleeping          |     1 |       ||     1
 Armour: Skin              |    23 |    26 ||    49
  Dodge: Dodged            |    74 |    60 ||   134

Levels and vault maps discovered:
D:1:      heliophobic_arrival_glass_houses, layout_loops_ring
D:2:      layout_basic, basic_altar, uniq_robin
D:3:      layout_basic, chequers_temple_overflow_minitemple,
          hellmonk_ecumenical_altar_slurped_away, uniq_terence,
          uniq_crazy_yiuf_cottage

Notes
Turn   | Place    | Note
-------+----------+-------------------------------------------
     0 | D:1      | kae the Draconian Transmuter began the quest for the Orb.
     0 | D:1      | Reached XP level 1. HP: 16/16 MP: 3/3
     0 | D:1      | magus.rc [v1.11.3]
   160 | D:1      | Reached XP level 2. HP: 23/23 MP: 3/5
   470 | D:1      | You pick up a book of Blood and begin reading...
   470 | D:1      | You add the spells Sublimation of Blood and Summon Hydra to
                  | your library.
   662 | D:1      | Learned a level 2 spell: Wereblood
   782 | D:2      | Reached XP level 3. HP: 28/28 MP: 6/6
   786 | D:2      | Learned a level 3 spell: Spider Form
   821 | D:2      | Noticed Robin
   839 | D:2      | Killed Robin
   840 | D:2      | Reached skill level 3 in Transmutations
   897 | D:2      | Reached skill level 1 in Poison Magic
   945 | D:2      | Reached XP level 4. HP: 35/35 MP: 5/7
  1123 | D:2      | Found a shadowy altar of Dithmenos.
  1786 | D:3      | You pick up a book of the Wilderness and begin reading...
  1786 | D:3      | You add the spells Summon Forest, Summon Mana Viper and
                  | Summon Cactus Giant to your library.
  1799 | D:3      | Identified the +4 hammer of Extinguishment {heavy, Contam
                  | rF+ Dex+5}
  1866 | D:3      | Noticed Terence
  1877 | D:3      | Killed Terence
  1878 | D:3      | Reached skill level 2 in Poison Magic
  2103 | D:3      | Found a faded altar of an unknown god.
  2210 | D:3      | Found a shadowy altar of Dithmenos.
  2210 | D:3      | Found a blossoming altar of Fedhas.
  2217 | D:3      | Found a bloodstained altar of Trog.
  2219 | D:3      | Found a shimmering altar of Xom.
  2221 | D:3      | Found a broken altar of Ashenzari.
  2261 | D:3      | HP: 7/35 [gnoll/+0 flail (7)]
  2262 | D:3      | Slain by a gnoll

Vanquished Creatures
  Terence (D:3)
  Robin (D:2)
  A worm (D:2)
  2 dart slugs
  4 orcs
  9 ball pythons
  9 bats
  4 endoplasms
  4 giant cockroaches
  7 goblins (D:2)
  7 hobgoblins
  7 jackals
  4 kobolds
  2 quokkas (D:1)
  3 frilled lizards
  9 rats
74 creatures vanquished.

Table legend:
 A = Non-vault XP
 B = Vault XP
 C = Vault XP percentage of total XP
 D = Non-vault monster count
 E = Vault monster count
 F = Vault count percentage of total count
                 A         B        C        D         E       F
            +---------+---------+-------+---------+---------+-------
      Total |     112 |      76 |  40.4 |      61 |      13 |  17.6
            +---------+---------+-------+---------+---------+-------
        D:1 |      37 |       0 |   0.0 |      19 |       0 |   0.0
        D:2 |      54 |      36 |  40.0 |      30 |      11 |  26.8
        D:3 |      21 |      40 |  65.6 |      12 |       2 |  14.3
            +---------+---------+-------+---------+---------+-------

Illustrated notes

Table legend:
 A = Kills in this place as a percentage of kills in entire the game.
 B = Kills by you in this place as a percentage of kills by you in the entire game.
 C = Kills by friends in this place as a percentage of kills by friends in the entire game.
 D = Other kills in this place as a percentage of other kills in the entire game.
 E = Experience gained in this place as a percentage of experience gained in the entire game.
 F = Experience gained in this place divided by the number of levels of this place that you have seen.
                   A       B       C       D       E      F
               +-------+-------+-------+-------+-------+----------------------
         Total | 100.0 | 100.0 |   N/A |   N/A | 100.0 |  62.7
       Dungeon | 100.0 | 100.0 |   N/A |   N/A | 100.0 |  62.7
               +-------+-------+-------+-------+-------+----------------------

Table legend: (Time is in decaauts)
 A = Elapsed time spent in this place.
 B = Non-inter-level travel time spent in this place.
 C = Inter-level travel time spent in this place.
 D = Time resting spent in this place.
 E = Time spent auto-exploring this place.
 F = Levels seen in this place.
 G = Mean time per level.
                   A        B        C        D        E       F      G
               +--------+--------+--------+--------+--------+-----+--------+
         Total |   2253 |   2227 |     26 |    302 |   1458 |   3 |  751.0 |
       Dungeon |   2253 |   2227 |     26 |    302 |   1458 |   3 |  751.0 |
               +--------+--------+--------+--------+--------+-----+--------+

Top non-repeatable levels by time:
     D:2: 920 daAuts
     D:1: 765 daAuts
     D:3: 567 daAuts
